 Dungeon Crawl Stone Soup version 0.13.1-19-g4b9377e (webtiles) character file.

1704 Kae the Arsonist (level 8, -4/41 HPs)
             Began as a Tengu Fire Elementalist on Dec 19, 2013.
             Was a Follower of Vehumet.
             Shot with an arrow by a centaur (13 damage)
             ... on Level 6 of the Dungeon.
             The game lasted 00:14:58 (6385 turns).

Kae the Arsonist (Tengu Fire Elementalist)          Turns: 6385, Time: 00:14:58

HP  -4/41        AC  4     Str  8      XL: 8   Next: 68%
MP  20/20        EV 12     Int 18      God: Vehumet [*.....]
Gold 313         SH  0     Dex 15      Spells:  4 memorised,  5 levels left

Res.Fire  : . . .   See Invis. : .   K - +0,-2 falchion
Res.Cold  : . . .   Warding    : +   a - +0 robe
Life Prot.: + + .   Conserve   : .   (no shield)
Res.Poison: .       Res.Corr.  : .   (helmet restricted)
Res.Elec. : .       Clarity    : .   (no cloak)
Sust.Abil.: . .     Spirit.Shd : .   F - +1 pair of gloves
Res.Mut.  : .       Stasis     : .   (boots unavailable)
Res.Rott. : .       Flight     : .   y - amulet of warding
Saprovore : . . .                    (no ring)
                                     G - ring of positive energy

@: slightly resistant to hostile enchantments, fairly stealthy
A: able to fly, beak, talons 3
a: Fly, Renounce Religion


You were on level 6 of the Dungeon.
You worshipped Vehumet.
Vehumet was aware of your devotion.
You were not hungry.

You visited 1 branch of the dungeon, and saw 6 of its levels.

You collected 293 gold pieces.

Inventory:

Hand weapons
 w - a +0,+0 sabre
 K - a +0,-2 falchion (weapon)
Missiles
 d - 41 darts
 j - 5 exploding darts (quivered)
 z - 13 silver darts
Armour
 a - a +0 robe (worn)
 F - a +1 pair of gloves (worn)
Magical devices
 u - a wand of disintegration (5)
 D - a wand of draining (7) {unknown}
 I - a wand of random effects (12) {unknown}
Comestibles
 c - 3 bread rations
 A - a meat ration
Scrolls
 f - 3 scrolls of identify
 g - 6 scrolls of remove curse
 i - 2 scrolls of teleportation
 q - 2 scrolls of curse weapon
Jewellery
 y - an amulet of warding (around neck)
 G - a ring of positive energy (left hand)
Potions
 e - a potion of curing
 k - a potion of mutation {unknown}
 l - 2 potions of cure mutation
 m - a potion of brilliance {unknown}
 n - a potion of flight {unknown}
 o - a potion of might {unknown}
 p - 2 potions of heal wounds
 C - 2 potions of speed {unknown}
 H - a potion of poison {unknown}
Books
 b - a book of Flames

   Spells                             Type                      Level
   *Flame Tongue                      Conjuration/Fire             1
   *Throw Flame                       Conjuration/Fire             2
   *Conjure Flame                     Conjuration/Fire             3
   Inner Flame                        Hexes/Fire                   3
   *Sticky Flame                      Conjuration/Fire             4
   Fireball                           Conjuration/Fire             5
 E - a book of Transfigurations

   Spells                             Type                      Level
   Stoneskin                          Transmutation/Earth          2
   Polymorph                          Hexes/Transmutation          4
   Ice Form                           Ice/Transmutation            4
   Statue Form                        Transmutation/Earth          6
   Dragon Form                        Transmutation                7
Magical staves
 J - an uncursed staff of conjuration {unknown}


   Skills:
 - Level 2.1 Dodging
 - Level 2.0 Stealth
 + Level 4.4 Spellcasting
 + Level 7.7 Conjurations
 * Level 8.4 Fire Magic


You had 5 spell levels left.
You knew the following spells:

 Your Spells              Type           Power        Failure   Level  Hunger
a - Flame Tongue          Conj/Fire      ####.        1%          1    None
b - Throw Flame           Conj/Fire      ####..       1%          2    #......
c - Conjure Flame         Conj/Fire      ####....     1%          3    ###....
d - Sticky Flame          Conj/Fire      ####....     6%          4    ####...


Dungeon Overview and Level Annotations

Branches:
Dungeon (6/27)
 Temple: D:4-7          Orc: D:6-11

Altars:
Ashenzari
Fedhas
Kikubaaqudgha
Makhleb
Okawaru
Vehumet
Xom
Yredelemnul
Zin
the Shining One

Shops:
D:5 (

Annotations:
D:6 exclusions: centaur and crimson imp


Innate Abilities, Weirdness & Mutations

You can fly.
You have a beak for a mouth.
You have claws for feet.


Message History

As you read the scroll of identify, it crumbles to dust.
y - an amulet of warding (around neck) Identify which item? (\ to view known items) (? for menu, Esc to quit)
p - 2 potions of heal wounds Identify which item? (\ to view known items) (? for menu, Esc to quit)
l - 2 potions of cure mutation The centaur shouts!
The centaur wields a bow.
The centaur shoots an arrow.
The arrow hits you!
The centaur shoots an arrow.
The arrow misses you.
The crimson imp grins evilly.
The centaur shoots an arrow.
The arrow hits you!
You see here an arrow.
The centaur shoots an arrow.
The arrow hits you!
* * * LOW HITPOINT WARNING * * *
The crimson imp shouts, "Return whence thou came, thou pecksniffian hedge-born measle!"
The crimson imp blinks!
You see here an arrow.
The centaur shoots an arrow.
The arrow misses you.
The centaur shoots an arrow.
The arrow hits you!
You die...

..# #...# #........,* *,, * ..#
#...# #.........* *,,,* ..#
#...# #.........# ,,,* ..#
#...# #(........# *,,,* ..#
#...# #>....)...# *,,,* ..#
#...# #.........# *,,,*
..####...# #..(......###*,,,
...<.....# #.5.(........,,,,*
.........# #...@........,,,,*
.......[.# #............,...*
..#####..####....c.ยง.........#
..# #.)....................#
..# #..................:...#
..# #.........####.........##**
..# #.........# *..........,,,
..# #.........# #........!,,,,
..# #.........# #........#****


You could see a centaur and a crimson imp.

Vanquished Creatures
  Grinder (D:4)
  A two-headed ogre (D:5)
  A hill giant skeleton (D:5)
  An ice beast (D:5)
  A sky beast (D:6)
  A giant frog (D:6)
  A manticore zombie (D:6)
  A centaur zombie (D:6)
  3 crimson imps
  A giant frog zombie (D:5)
  A hound (D:5)
  A centaur skeleton (D:5)
  A scorpion (D:6)
  3 worker ants
  An orc wizard (D:3)
  A mummy (D:6)
  4 adders
  A giant mite (D:6)
  2 worms
  2 giant eyeballs (D:6)
  2 giant geckos
  An ooze (D:4)
  5 orcs
  A ball python (D:2)
  A bat skeleton (D:5)
  7 goblins
  11 hobgoblins
  10 jackals
  5 quokkas
  6 bats
  5 giant cockroaches
  2 giant newts
  A giant newt skeleton (D:4)
  11 kobolds
  12 rats
  2 rat skeletons (D:4)
  A plant (D:4)
112 creatures vanquished.

Notes
Turn   | Place    | Note
--------------------------------------------------------------
     0 | D:1      | Kae, the Tengu Fire Elementalist, began the quest for the Orb.
     0 | D:1      | Reached XP level 1. HP: 10/10 MP: 3/3
   388 | D:1      | Reached XP level 2. HP: 13/15 MP: 0/5
   800 | D:1      | Found a glowing golden altar of the Shining One.
  1054 | D:2      | Reached XP level 3. HP: 19/19 MP: 0/7
  1783 | D:2      | Reached skill level 4 in Fire Magic
  2149 | D:3      | Reached XP level 4. HP: 6/24 MP: 0/8
  2954 | D:4      | Reached XP level 5. HP: 18/28 MP: 4/11
  3169 | D:4      | Found a radiant altar of Vehumet.
  3171 | D:4      | Found a blossoming altar of Fedhas.
  3175 | D:4      | Found a shattered altar of Ashenzari.
  3179 | D:4      | Found an iron altar of Okawaru.
  3180 | D:4      | Found a shimmering altar of Xom.
  3180 | D:4      | Found a basalt altar of Yredelemnul.
  3180 | D:4      | Found a glowing silver altar of Zin.
  3184 | D:4      | Became a worshipper of Vehumet
  3515 | D:4      | Found an ancient bone altar of Kikubaaqudgha.
  3515 | D:4      | Noticed Grinder
  3525 | D:4      | Paralysed by Grinder for 3 turns
  3533 | D:4      | Paralysed by Grinder for 6 turns
  3609 | D:4      | Learned a level 3 spell: Conjure Flame
  3612 | D:4      | Learned a level 2 spell: Throw Flame
  3844 | D:4      | Paralysed by Grinder for 6 turns
  3863 | D:4      | HP: 1/28 [Grinder (3)]
  3871 | D:4      | Killed Grinder
  3871 | D:4      | Reached skill level 5 in Conjurations
  3871 | D:4      | Reached skill level 5 in Fire Magic
  3871 | D:4      | Reached XP level 6. HP: 14/32 MP: 0/14
  4042 | D:5      | Entered Level 5 of the Dungeon
  4223 | D:5      | Reached XP level 7. HP: 29/36 MP: 11/16
  4259 | D:5      | Learned a level 4 spell: Sticky Flame
  4379 | D:4      | Reached skill level 6 in Conjurations
  4574 | D:5      | Noticed a hill giant skeleton
  4586 | D:5      | Killed a hill giant skeleton
  4683 | D:5      | Noticed a two-headed ogre
  4719 | D:5      | Killed a two-headed ogre
  4719 | D:5      | Reached skill level 7 in Conjurations
  4719 | D:5      | Reached XP level 8. HP: 41/41 MP: 7/19
  4797 | D:5      | Found Gaix Uga's Weapon Boutique.
  5042 | D:5      | Found a burning altar of Makhleb.
  5181 | D:6      | Acquired Vehumet's first power
  5181 | D:6      | Offered knowledge of Sandblast by Vehumet.
  5844 | D:6      | Reached skill level 8 in Fire Magic
  6385 | D:6      | Shot with an arrow by a centaur

Action                   |  1- 3 |  4- 6 |  7- 9 || total
-------------------------+-------+-------+-------++-------
Melee: Unarmed           |    47 |    15 |       ||    62
       Sabre             |       |    55 |    86 ||   141
 Cast: Flame Tongue      |    77 |    64 |   114 ||   255
       Conjure Flame     |       |     1 |     3 ||     4
       Throw Flame       |       |     1 |     1 ||     2
       Sticky Flame      |       |       |     2 ||     2
 Abil: Fly               |       |     2 |     1 ||     3
Evoke: Wand              |       |       |     7 ||     7
  Use: Potion            |       |     3 |       ||     3
       Scroll            |       |       |    12 ||    12
 Stab: Sleeping          |       |     2 |       ||     2
